 Dungeon Crawl Stone Soup version 0.24.1 (webtiles) character file.

Game seed: 5977147785702484107, levelgen mode: deterministic

208 Destapler the Grave Robber (level 5, -9/35 HPs)
             Began as a Mummy Necromancer on Apr 7, 2020.
             Mangled by an ogre
             ... wielding a +0 giant spiked club
              (29 damage)
             ... on level 4 of the Dungeon.
             The game lasted 00:10:00 (3451 turns).

Destapler the Grave Robber (Mummy Necromancer)      Turns: 3451, Time: 00:10:01

Health: -9/35      AC:  4    Str: 11    XL:     5   Next: 55%
Magic:  4/9        EV: 13    Int: 15    God:
Gold:   227        SH:  0    Dex: 13    Spells: 5/9 levels left

rFire    x . .     SeeInvis .   a - +1 dagger (speed)
rCold    + . .     Gourm    .   (no shield)
rNeg     + + +     Faith    .   c - +1 robe
rPois    ∞         Spirit   .   (no helmet)
rElec    .         Reflect  .   h - +0 cloak (curse)
rCorr    .         Harm     .   (no gloves)
MR       .....                  (no boots)
Stlth    ++........             (no amulet)
HPRegen  0.11/turn              (no ring)
MPRegen  0.11/turn              (no ring)

@: about to teleport
A: no food or potions, fire vulnerability, cold resistance 1, negative energy
resistance 3, torment resistance, unbreathing
a: no special abilities


You were on level 4 of the Dungeon.
You were not hungry.

You visited 1 branch of the dungeon, and saw 4 of its levels.

You collected 227 gold pieces.

Inventory:

Hand Weapons
 a - a +1 dagger of speed (weapon)
Missiles
 i - 15 poisoned darts (quivered)
Armour
 c - a +1 robe (worn)
 h - a cursed +0 cloak (worn)
Wands
 l - a wand of polymorph (3)
Scrolls
 d - 9 scrolls of identify {unknown}
 e - 2 scrolls of immolation {unknown}
 f - a scroll of magic mapping {unknown}
 g - a scroll of enchant armour
 k - 3 scrolls of teleportation
 m - a scroll of remove curse {unknown}
 n - a scroll of fear {unknown}


   Skills:
 + Level 3.0 Dodging
 + Level 3.2 Stealth
 - Level 2.6 Spellcasting
 + Level 5.1 Necromancy


You had 5 spell levels left.
You knew the following spells:

 Your Spells              Type           Power        Failure   Level  Hunger
a - Pain                  Necr           ###.         2%          1    N/A
b - Vampiric Draining     Necr           ###.......   8%          3    N/A

Your spell library contained the following spells:

 Spells                   Type           Power        Failure   Level  Hunger
 Animate Skeleton         Necr           N/A          2%          1    N/A
 Animate Dead             Necr           N/A          26%         4    N/A
 Regeneration             Chrm/Necr      Unusable     N/A         3    N/A

Dungeon Overview and Level Annotations

Branches:
Dungeon (4/15)
 Temple: D:4-7

Altars:
Dithmenos
Kikubaaqudgha


Innate Abilities, Weirdness & Mutations

You do not eat or drink.
Your flesh is vulnerable to fire.
You are immune to poison.
Your flesh is cold resistant. (rC+)
You are immune to negative energy. (rN+++)
You are immune to unholy pain and torment.
You can survive without breathing.


Message History

Your +0 dagger of speed glows red for a moment.
The worker ant waves its antennae.
The worker ant misses you. The ogre misses you.
The worker ant bites you but does no damage.
As you read the scroll labeled RENOCIV WEWINT, it crumbles to dust.
You feel strangely unstable.
It was a scroll of teleportation.
The ogre barely misses you. The worker ant closely misses you.
Casting: Pain (safe; 2% risk of failure)
Confirm with . or Enter, or press ? or * to list all spells.
Aiming: Vampiric Draining (safe; 8% risk of failure)
Press: ? - help, Shift-Dir - straight line, f/p - worker ant
Aim: a worker ant (heavily wounded)
You kill the worker ant!
You feel life coursing into your body. The ogre closely misses you. x2
There is a stone staircase leading up here.
You see here a worker ant corpse.
The ogre closely misses you.
The ogre hits you with a +0 giant spiked club!!
Ouch! That really hurt!
You die...

#......... ####...####
#...........
#.#.###....... #.#O##
#######..# ####..#.###
..# .....###..# ..#
.......#O#.#### ..#
#.####..@O....# ..#
....[.........# ..#
#.####..##.#..####..#####
#..##.#.............
....##.########.#####
####.##.# # .....( ######


You could see 2 ogres.

Vanquished Creatures
  A howler monkey (D:3)
  An orc wizard (D:3)
  A worker ant (D:4)
  An adder (D:3)
  3 oozes
  2 worms (D:1)
  4 dart slugs
  2 leopard geckos
  6 orcs (D:3)
  A giant cockroach (D:3)
  6 goblins
  8 hobgoblins
  10 kobolds
  2 quokkas
  2 ball pythons
  10 bats
  4 frilled lizards
  16 rats
80 creatures vanquished.

Notes
Turn   | Place    | Note
-------+----------+-------------------------------------------
     0 | D:1      | Destapler the Mummy Necromancer began the quest for the
                  | Orb.
     0 | D:1      | Reached XP level 1. HP: 13/13 MP: 4/4
   105 | D:1      | Reached XP level 2. HP: 13/19 MP: 1/5
   706 | D:1      | Reached XP level 3. HP: 24/24 MP: 4/7
   713 | D:1      | Learned a level 3 spell: Vampiric Draining
  1472 | D:2      | Found a shadowy altar of Dithmenos.
  1555 | D:2      | Found an ancient bone altar of Kikubaaqudgha.
  2276 | D:1      | Reached XP level 4. HP: 15/30 MP: 0/8
  2983 | D:3      | Reached XP level 5. HP: 35/35 MP: 3/9
  3153 | D:4      | Noticed a centaur
  3158 | D:3      | Reached skill level 5 in Necromancy
  3432 | D:4      | Noticed an ogre
  3440 | D:4      | Noticed an ogre
  3451 | D:4      | Mangled by an ogre

Levels and vault maps discovered:
D:1:      onia_arrival_handbag, layout_loops_corners, minivault_25, st_stairs_6,
          minmay_split_cup_small
D:2:      layout_basic, nicolae_dithmenos_through_a_glass_darkly,
          lemuel_crystal_altar, kennysheep_generic_room_10
D:3:      layout_rooms, first_ration, nrook_uturn
D:4:      layout_loops_ring, kennysheep_pointless_box

Skill      XL: |  1  2  3  4  5 |
---------------+----------------+-----
Stealth        | 2 3 |  3.2
Dodging        | 2 3 |  3.0
Necromancy     | 5 |  5.1
Spellcasting   | |  2.6

Action                   |  1- 3 |  4- 6 || total
-------------------------+-------+-------++-------
Melee: Unarmed           |     8 |       ||     8
       Dagger            |    92 |    24 ||   116
Throw: Dart              |       |     4 ||     4
 Cast: Pain              |    72 |    46 ||   118
       Vampiric Draining |     3 |     2 ||     5
  Use: Scroll            |       |     3 ||     3
 Stab: Sleeping          |     6 |     2 ||     8
Armor: Robe              |    20 |     4 ||    24
Dodge: Dodged            |    55 |    35 ||    90
